 Dungeon Crawl Stone Soup version 0.32-a0-711-g016ad743e0 (webtiles) character file.

Game seed: 17730967978389107201

11855 narra the Toxicologist (level 11, -4/96 HPs)
             Began as a Naga Alchemist on Mar 15, 2024.
             Was an Elder of Cheibriados.
             Killed from afar by a hell hound (6 damage)
             ... with a blast of flame
             ... on level 10 of the Dungeon.
             The game lasted 00:59:18 (13394 turns).

narra the Toxicologist (Naga Alchemist)            Turns: 13394, Time: 00:59:20

Health: -4/96      AC: 11    Str: 24    XL:     11   Next: 84%
Magic:  9/17       EV: 10    Int: 27    God:    Cheibriados [****..]
Gold:   467        SH:  0    Dex: 21    Spells: 2/18 levels left

rFire   + . .        b - +4 long sword
rCold   . . .        (no shield)
rNeg    + . .        s - +0 ring mail {rN+}
rPois   +            I - +1 helmet
rElec   .            q - +0 cloak
rCorr   +            L - +0 pair of gloves
SInv    +            (no barding)
Will    ++...        R - amulet of faith
Stlth   ++++         l - ring of protection from fire
HPRegen 0.36/turn    E - ring of resist corrosion
MPRegen 0.15/turn

%: faith
@: about to teleport, enlightened, flying, very slow
A: AC +3, large, see invisible, deformed body, poison resistance, slowness 2,
spit poison 1, naga tail 1
a: Spit Poison, Renounce Religion, Bend Time, Temporal Distortion, Slouch


You were on level 10 of the Dungeon.
You worshipped Cheibriados.
Cheibriados was greatly pleased with you.
You visited 3 branches of the dungeon, and saw 13 of its levels.

You collected 547 gold pieces.
You spent 80 gold pieces at shops.

Inventory:

Hand Weapons
 b - a +4 long sword (weapon)
 g - a +2 dagger of flaming
 n - a +0 rapier
 o - a +4 heavy great sword
 y - a +1 dagger of electrocution
 C - a +3 halberd
 G - a +1 mace of holy wrath
 J - a +3 war axe of freezing
 S - the +3 whip of Demand {freeze, *Slow rElec rF+ Will+++}
   (You found it on level 7 of the Dungeon)

   rF+:       It protects you from fire.
   rElec:     It insulates you from electricity.
   Will+++:   It greatly increases your willpower.
   *Slow:     It may slow you when you take damage.
 U - a +4 spear of distortion
Armour
 a - a +0 robe
 q - a +0 cloak (worn)
 s - a +0 ring mail of positive energy (worn)
 I - a +1 helmet (worn)
 L - a +0 pair of gloves (worn)
Magical Staves
 h - a staff of fire
 w - a staff of cold
 P - a staff of conjuration
Jewellery
 l - a ring of protection from fire (left hand)
 D - a ring of protection from fire
 E - a ring of resist corrosion (right hand)
 Q - an amulet of magic regeneration
 R - an amulet of faith (around neck)
Wands
 p - a wand of flame (70)
 A - a wand of polymorph (18)
 T - a wand of iceblast (11)
Scrolls
 c - a scroll of teleportation
 f - a scroll of fear
 j - a scroll of summoning {unknown}
 r - 2 scrolls of immolation
 x - a scroll of enchant weapon
 B - a scroll of silence {unknown}
 F - a scroll of poison {unknown}
 H - a scroll of revelation {unknown}
 M - a scroll of noise {unknown}
 V - a scroll of brand weapon
Potions
 d - a potion of invisibility
 e - 3 potions of degeneration
 k - 3 potions of enlightenment
 m - 2 potions of mutation
 t - 2 potions of haste
 u - 3 potions of lignification
 v - 4 potions of brilliance
 z - 3 potions of might
 K - 2 potions of resistance {unknown}
 N - a potion of cancellation {unknown}
 O - a potion of attraction {unknown}


   Skills:
 + Level 5.3 Fighting
 + Level 5.6 Long Blades
 + Level 4.4 Armour
 + Level 4.7 Dodging
 + Level 9.5 Stealth
 + Level 4.3 Spellcasting
 - Level 1.0 Conjurations
 + Level 1.6 Translocations
 - Level 5.2 Fire Magic
 * Level 12.8 Alchemy
 + Level 5.7 Invocations


You had 2 spell levels left.
You knew the following spells:

 Your Spells              Type           Power      Damage    Failure   Level
a - Sting                 Conj/Alch      100%       1d9       1%          1
b - Mercury Vapours       Alch/Air       80%        N/A       1%          2
c - Sticky Flame          Fire/Alch      53%        2d9       2%          4
d - Olgreb's Toxic Radia  Alch           66%        N/A       1%          4
e - Mephitic Cloud        Conj/Alch/Air  30%        N/A       5%          3
f - Lesser Beckoning      Tloc           28%        N/A       9%          2

Your spell library contained the following spells:

 Spells                   Type           Power      Damage    Failure   Level
 Cigotuvi's Dreadful Rot  Necr/Alch/Air  56%        N/A       3%          2
 Static Discharge         Conj/Air       16%        3-4/arc   14%         2
 Ensorcelled Hibernation  Hex/Ice        10%        N/A       19%         2
 Gell's Gravitas          Tloc           14%        N/A       19%         3
 Teleport Other           Tloc           14%        N/A       19%         3
 Yara's Violent Unravell  Hex/Alch       20%        3d9       24%         5
 Confusing Touch          Hex            5%         N/A       34%         3
 Passwall                 Erth           5%         N/A       34%         3
 Swiftness                Air            5%         N/A       34%         3
 Tukima's Dance           Hex            5%         N/A       34%         3
 Passage of Golubria      Tloc           14%        N/A       52%         4
 Iskenderun's Mystic Bla  Conj/Tloc      12%        2d5       56%         4
 Dimensional Bullseye     Hex/Tloc       5%         N/A       63%         4
 Vhi's Electric Charge    Tloc/Air       20%        N/A       63%         4
 Airstrike                Air            2%         2d(1-17)  75%         4
 Dispel Undead            Necr           5%         3d7       75%         4
 Martyr's Knell           Necr/Summ      5%         N/A       75%         4
 Summon Lightning Spire   Summ/Air       5%         N/A       75%         4
 Arcjolt                  Conj/Air       4%         1d14      95%         5
 Silence                  Hex/Air        2%         N/A       97%         5
 Discord                  Hex            2%         N/A       100%        8
 Maxwell's Capacitive Co  Air            2%         ∞         100%        8


Dungeon Overview and Level Annotations

Branches:
Dungeon (10/15)            Temple (1/1) D:6            Lair (2/5) D:8
  Swamp (0/4) Lair:2
  Snake: Lair:2-3    Spider: Lair:2-3       Orc: D:9-12

Altars:
Ashenzari
Cheibriados
Dithmenos
Elyvilon
Fedhas
Gozag
Hepliaklqana
Kikubaaqudgha
Makhleb
Nemelex Xobeh
Okawaru
Qazlal
Ru
Sif Muna
Trog
Uskayaw
Vehumet
Wu Jian
Xom
Yredelemnul
Zin
The Shining One

Shops:
D:3 !   D:6 =   D:9 :

Annotations:
D:8 exclusion: orange crystal statue


Innate Abilities, Weirdness & Mutations

Your serpentine skin is tough. (AC +3)
You have supernaturally acute eyesight. (SInv)
Armour fits poorly on your strangely shaped body.
Your system is resistant to poisons. (rPois)
You cover ground very slowly.
You can spit poison.
You have a snake-like lower body.


Message History

The fire elemental hits you. The fire elemental burns you! You resist.
The fire elemental hits you. The fire elemental burns you! You resist.
* * * LOW HITPOINT WARNING * * *
The hell hound closely misses you. The fire elemental hits you.
The fire elemental burns you! You resist.
* * * LOW HITPOINT WARNING * * *
As you read the scroll of fear, it crumbles to dust.
You assume a fearsome visage.
The hell hound looks frightened!
The fire elemental is unaffected.
Your attack snaps the hell hound out of its fear.
Your toxic aura wanes.
The hell hound bites you but does no damage.
The fire elemental hits you. The fire elemental burns you! You resist.
* * * LOW HITPOINT WARNING * * *
The hell hound completely misses you.
Okay, then.
Okay, then.
Okay, then.
You feel better.
The hell hound looks more healthy.
The hell hound bites you!
* * * LOW HITPOINT WARNING * * *
The fire elemental hits you. The fire elemental burns you! You resist.
* * * LOW HITPOINT WARNING * * *
You feel better. The hell hound bites you.
* * * LOW HITPOINT WARNING * * *
The fire elemental barely misses you. The hell hound bites you!
* * * LOW HITPOINT WARNING * * *
As you read the scroll of teleportation, it crumbles to dust.
You feel strangely unstable. The fire elemental hits you.
* * * LOW HITPOINT WARNING * * *
The fire elemental burns you! You resist.
* * * LOW HITPOINT WARNING * * *
The hell hound bites you but does no damage.
The fire elemental barely misses you.
It was a potion of enlightenment.
You feel very buoyant.
You fly up into the air.
The hell hound breathes flames at you. The blast of flame hits you. You resist.
You die...
Cheibriados appreciates the motionlessness of death.

......................
.YY................k
Y..................
##.###...........# #
#..........†.## #
##...........'#
#####............#☼....h≈
.[#>...........hE#Eb≈≈≈≈.
÷÷.[.÷..........@#.b≈≈§§.
#................#.≈°...#
#................#.°...##
###..............#.b..#:S
...#..........)..#≈..##S.
...#.............#
...#.#.....÷.....#
####.#...........###
.....#...÷.........##


You could see a fire elemental and a hell hound (catching breath).

Vanquished Creatures
  A two-headed ogre (D:9)
  2 spectral centaurs (D:10)
  A centaur zombie (D:10)
  A cane toad (Lair:1)
  5 kobold demonologists
  2 rime drakes
  An unseen horror skeleton (D:10)
  A shadow (D:10)
  A vampire (D:9)
  7 yaks
  2 wyverns
  3 fire bats (D:10)
  A basilisk (Lair:2)
  2 steam dragons
  2 vampire mosquitoes (D:10)
  Duvessa (D:7)
  4 water moccasins
  2 ice beasts (D:7)
  2 sky beasts
  A black bear (D:7)
  An ogre (D:5)
  3 centaurs
  A phantom (D:7)
  4 kobold brigands
  6 weeping skulls (D:10)
  5 bullfrogs
  A gnoll sergeant (D:9)
  5 scorpions
  11 wights
  Dowan (D:7)
  10 killer bees
  6 howler monkeys
  A jelly (D:6)
  6 orc priests
  A bombardier beetle (D:4)
  2 centaur skeletons (D:10)
  5 hounds
  4 orc wizards
  2 iguanas (D:5)
  4 hell rats
  A mummy (D:6)
  7 gnolls
  6 adders
  A shadow imp (D:7)
  A white imp (D:5)
  2 ufetubi (D:7)
  2 dart slugs
  36 orcs
  9 ball pythons
  7 endoplasms
  6 giant cockroaches
  6 goblins
  8 hobgoblins
  4 jackals (D:4)
  3 quokkas
  6 bats
  8 frilled lizards
  18 kobolds
  A kobold zombie (D:6)
  3 orc zombies (D:6)
  3 rats
259 creatures vanquished.

Vanquished Creatures (others)
  A gnoll (D:9)
1 creature vanquished.

Grand Total: 260 creatures vanquished

Notes
Turn   | Place    | Note
-------+----------+-------------------------------------------
     0 | D:1      | narra the Naga Alchemist began the quest for the Orb.
     0 | D:1      | Reached XP level 1. HP: 15/15 MP: 3/3
   314 | D:1      | Reached skill level 4 in Alchemy
   329 | D:1      | Reached XP level 2. HP: 22/22 MP: 5/5
   562 | D:1      | Learned a level 2 spell: Mercury Vapours
   611 | D:1      | Reached XP level 3. HP: 20/28 MP: 0/6
   884 | D:1      | Found a faded altar of an unknown god.
  1395 | D:2      | Reached skill level 5 in Alchemy
  1572 | D:2      | Reached XP level 4. HP: 36/36 MP: 7/7
  1596 | D:2      | Learned a level 4 spell: Sticky Flame
  1600 | D:2      | Got the Incunable of Doom
  2427 | D:3      | Reached skill level 1 in Fire Magic
  2886 | D:3      | Reached XP level 5. HP: 42/42 MP: 8/8
  3032 | D:3      | Found Ebogodi's Distillery.
  3036 | D:3      | Bought a potion of heal wounds for 50 gold pieces
  3036 | D:3      | Bought a potion of curing for 30 gold pieces
  3523 | D:4      | Reached skill level 6 in Alchemy
  3835 | D:4      | Reached XP level 6. HP: 49/49 MP: 6/9
  4197 | D:5      | Entered Level 5 of the Dungeon
  4385 | D:5      | Reached skill level 7 in Alchemy
  4478 | D:5      | Found a hide-covered altar of Uskayaw.
  4728 | D:5      | Reached XP level 7. HP: 42/55 MP: 2/10
  5184 | D:6      | Reached skill level 8 in Alchemy
  5293 | D:6      | Noticed a steam dragon
  5513 | D:5      | Reached skill level 5 in Fire Magic
  5513 | D:5      | Reached XP level 8. HP: 45/62 MP: 7/11
  5593 | D:5      | Learned a level 4 spell: Olgreb's Toxic Radiance
  5676 | D:6      | Found a staircase to the Ecumenical Temple.
  5685 | Temple   | Entered the Ecumenical Temple
  5694 | Temple   | Became a worshipper of Cheibriados the Contemplative
  5709 | D:6      | Reached skill level 9 in Alchemy
  6031 | D:6      | Reached skill level 1 in Fighting
  6031 | D:6      | Reached skill level 1 in Invocations
  6196 | D:6      | Found a sparkling altar of Nemelex Xobeh.
  6197 | D:6      | Found a white marble altar of Elyvilon.
  6218 | D:6      | Found Vetush's Jewellery Boutique.
  6275 | D:6      | Reached skill level 5 in Stealth
  6379 | D:6      | Reached skill level 1 in Armour
  6751 | D:6      | Reached * piety under Cheibriados
  7075 | D:7      | Found a blossoming altar of Fedhas.
  7075 | D:7      | Noticed Duvessa
  7076 | D:7      | Noticed Dowan
  7090 | D:7      | Killed Duvessa
  7091 | D:7      | Reached skill level 10 in Alchemy
  7091 | D:7      | Reached XP level 9. HP: 65/73 MP: 4/12
  7091 | D:7      | Killed Dowan
  7358 | D:7      | Identified the +3 whip of Demand {freeze, *Slow rElec rF+
                  | Will+++}
  7438 | D:7      | Reached skill level 1 in Long Blades
  7658 | D:7      | Found a shadowy altar of Dithmenos.
  7841 | D:7      | Reached ** piety under Cheibriados
  8376 | D:8      | Reached *** piety under Cheibriados
  8483 | D:8      | Found a staircase to the Lair.
  8493 | Lair:1   | Entered Level 1 of the Lair of Beasts
  8507 | Lair:1   | Noticed a rime drake
  8511 | Lair:1   | Reached XP level 10. HP: 67/81 MP: 8/13
  8553 | Lair:1   | Reached skill level 11 in Alchemy
  8619 | Lair:1   | Learned a level 3 spell: Mephitic Cloud
  8824 | Lair:1   | Noticed a cane toad
  8832 | Lair:1   | Killed a cane toad
  9382 | Lair:2   | Noticed a five-headed hydra
  9737 | Lair:2   | Found a staircase to the Swamp.
  9737 | Lair:2   | Noticed an eleionoma
 10030 | D:8      | Noticed an orange crystal statue
 10154 | D:8      | Found a hazy altar of Hepliaklqana.
 10226 | D:8      | Found a shimmering blue altar of Sif Muna.
 10231 | D:8      | Found an ornate altar of the Wu Jian Council.
 10237 | D:8      | Found a shimmering altar of Xom.
 10664 | D:9      | Reached **** piety under Cheibriados
 10787 | D:9      | Found Xoeb's Tiny Tomes.
 10820 | D:9      | Noticed a kobold demonologist
 11249 | D:9      | Noticed a two-headed ogre
 11304 | D:10     | Entered Level 10 of the Dungeon
 11304 | D:10     | Noticed a kobold demonologist
 11304 | D:10     | Noticed a kobold demonologist
 11307 | D:10     | Noticed a kobold demonologist
 11308 | D:10     | Noticed an orange demon
 11310 | D:10     | Noticed a spectral centaur warrior
 11312 | D:10     | Killed a kobold demonologist
 11312 | D:10     | Killed a kobold demonologist
 11312 | D:10     | Killed a kobold demonologist
 11460 | D:9      | Killed a two-headed ogre
 11461 | D:9      | Reached skill level 12 in Alchemy
 11461 | D:9      | Reached XP level 11. HP: 76/93 MP: 5/16
 11549 | D:9      | Reached skill level 5 in Long Blades
 11554 | D:9      | Reached skill level 5 in Invocations
 11918 | D:9      | Found an iron altar of Okawaru.
 12165 | D:10     | Found a broken altar of Ashenzari.
 12207 | D:10     | Reached skill level 5 in Fighting
 12207 | D:10     | HP: 3/93 [spectral centaur warrior (5)]
 12646 | D:10     | Learned a level 2 spell: Lesser Beckoning
 13108 | D:9      | Reached skill level 1 in Translocations
 13393 | D:10     | HP: 2/96 [fire elemental (6)]
 13394 | D:10     | Killed from afar by a hell hound

Illustrated notes

Levels and vault maps discovered:
D:1:      psy_arrival_spokes, layout_loops_corners,
          shapermc_ecumenical_altar_acropolis, kennysheep_pointless_box
D:2:      kennysheep_six_static_rooms, layout_loops_ring, serial_forest,
          infiniplex_forest_clump_double, infiniplex_forest_clump_small,
          infiniplex_forest_zigzag_1, infiniplex_forest_straight_4,
          infiniplex_forest_3_way, infiniplex_forest_lined_3,
          infiniplex_forest_lined_corner
D:3:      layout_basic, serial_shops, shop
D:4:      layout_cave_pods
D:5:      nicolae_cairo_tiling_large_dashed, layout_gridville,
          mainiacjoe_overflow_concentric_impassable
D:6:      layout_loops_corners, mainiacjoe_overflow_divided_tiny,
          minmay_temple_entry_statues_pillars, serial_shops,
          nicolae_shop_pleasant_corner_grove, minmay_mini_ossuary
D:7:      layout_basic, grunt_dithmenos_shadows, fedhas_altar_1, uniq_duvessa
D:8:      minmay_statue_hallways, layout_cave_pools,
          minmay_overflow_temple_star_quad, worldfamousw_hep_ancestral_shrine,
          serial_park, serial_park_tiny_pond, serial_park_square1
          [serial_park_minivault_5x5_2], serial_park_tiny_pond,
          serial_park_square3 [serial_park_minivault_5x5_2]
D:9:      layout_roguey, marbit_many_paths, chequers_arboretum,
          nicolae_shop_i_like_small_books_too
D:10:     lemuel_vampire_tower, layout_cross, evilmike_ruin_ashenzari,
          hangedman_incinerator
Temple:   nicolae_temple_ecumenical_triangle
Lair:1:   layout_gridlike, lemuel_fruit_fields, lemuel_fruit_tree
Lair:2:   layout_regular_city, alex1729_swamp_entry_worm_eleionoma,
          nicolae_spider_entry_tight_spaces, chequers_serial_rivers_room_b,
          pdpol_lair_neglected_garden, serial_bayou_shore_a

Skill      XL: |  1  2  3  4  5  6  7  8  9 10 11 |
---------------+----------------------------------+-----
Alchemy        | 4 5 6 7 8 10 12 | 12.8
Stealth        | 4 5 7 8 9 |  9.5
Fire Magic     | 1 2 4 5 |  5.2
Fighting       | 2 3 4 5 |  5.3
Invocations    | 2 3 4 5 |  5.7
Dodging        | 2 3 4 |  4.7
Armour         | 1 2 3 4 |  4.4
Long Blades    | 3 4 5 |  5.6
Spellcasting   | 3 4 |  4.3
Translocations | 1 |  1.6
Conjurations   | |  1.0

Action                     |  1- 3 |  4- 6 |  7- 9 | 10-12 || total
---------------------------+-------+-------+-------+-------++-------
  Melee: Dagger            |    33 |    75 |    77 |       ||   185
         Mace              |       |       |     4 |       ||     4
         Great sword       |       |       |    20 |       ||    20
         Long sword        |       |       |     2 |   133 ||   135
         Whip              |       |       |     2 |       ||     2
   Cast: Sting             |    21 |    43 |    16 |     7 ||    87
         Mercury Vapours   |     2 |     8 |     8 |     4 ||    22
         Sticky Flame      |       |     2 |    30 |    34 ||    66
         Olgreb's Toxic Ra |       |       |    12 |    21 ||    33
 Invoke: Temporal Distorti |       |       |       |     3 ||     3
         Slouch            |       |       |       |     2 ||     2
Ability: Spit Poison       |    19 |    32 |    14 |    10 ||    75
    Use: Scroll            |       |    10 |     3 |    10 ||    23
         Potion            |       |       |     3 |     8 ||    11
   Stab: Sleeping          |     3 |     4 |     3 |       ||    10
 Armour: Robe              |    48 |    81 |   149 |     1 ||   279
         Ring mail         |       |       |       |   316 ||   316
  Dodge: Dodged            |    31 |    64 |    83 |   154 ||   332

Table legend: (Time is in decaauts)
 A = Elapsed time spent in this place.
 B = Non-inter-level travel time spent in this place.
 C = Inter-level travel time spent in this place.
 D = Time resting spent in this place.
 E = Time spent auto-exploring this place.
 F = Levels seen in this place.
 G = Mean time per level.
                   A        B        C        D        E       F      G
               +--------+--------+--------+--------+--------+-----+--------+
         Total |  19960 |  18207 |   1753 |   2411 |  10883 |  13 | 1535.4 |
       Dungeon |  17245 |  15809 |   1436 |   2101 |   9641 |  10 | 1724.5 |
        Temple |     28 |     28 |      0 |      0 |      0 |   1 |   28.0 |
          Lair |   2686 |   2370 |    316 |    310 |   1242 |   2 | 1343.0 |
               +--------+--------+--------+--------+--------+-----+--------+

Top non-repeatable levels by time:
     D:9: 3633 daAuts
     D:6: 2096 daAuts
  Lair:1: 1833 daAuts
     D:7: 1658 daAuts
     D:8: 1577 daAuts
     D:2: 1437 daAuts
     D:5: 1425 daAuts
     D:3: 1422 daAuts
     D:1: 1388 daAuts
     D:4: 1354 daAuts
    D:10: 1252 daAuts
  Lair:2: 853 daAuts
  Temple: 28 daAuts
